 Dungeon Crawl Stone Soup version 0.19.0-2-gae57169 (webtiles) character file.

26 exewu the Firebug (level 2, 0/19 HPs)
             Began as a Mummy Fire Elementalist on Nov 6, 2016.
             Slain by a hobgoblin
             ... wielding a +0 club
              (4 damage)
             ... on level 1 of the Dungeon.
             The game lasted 00:02:27 (676 turns).

exewu the Firebug (Mummy Fire Elementalist)          Turns: 676, Time: 00:02:28

Health: 0/19       AC:  2    Str: 11    XL:     2   Next: 89%
Magic:  2/5        EV: 12    Int: 14    God:
Gold:   26         SH:  0    Dex: 12    Spells: 1 memorised, 4 levels left

rFire  x . .     SeeInvis .     c - +0 spear
rCold  + . .     Gourm    .     a - +0 robe
rNeg   + + +     Faith    .     (no shield)
rPois  ∞         Spirit   .     (no helmet)
rElec  .         Reflect  .     (no cloak)
rCorr  .         Harm     .     (no gloves)
MR     .....                    (no boots)
Stlth  ++........               (no amulet)
                                (no ring)
                                (no ring)

@: very slightly contaminated
A: no food or potions, fire vulnerability, cold resistance 1, negative energy
resistance 3, torment resistance, unbreathing
a: no special abilities


You were on level 1 of the Dungeon.
You were not hungry.

You visited 1 branch of the dungeon, and saw 1 of its levels.

You collected 26 gold pieces.

Inventory:

Hand Weapons
 c - a +0 spear (weapon)
Missiles
 d - 52 stones (quivered)
 e - 8 sling bullets
Armour
 a - a +0 robe (worn)
Scrolls
 f - a scroll of noise {unknown}
Books
 b - a book of Flames

   Spells                             Type                      Level
   a - Flame Tongue                   Conjuration/Fire             1
   b - Throw Flame                    Conjuration/Fire             2
   c - Conjure Flame                  Conjuration/Fire             3
   d - Inner Flame                    Hexes/Fire                   3
   e - Sticky Flame                   Conjuration/Fire             4
   f - Fireball                       Conjuration/Fire             5


   Skills:
 - Level 1.5 Dodging
 - Level 1.5 Stealth
 - Level 2.0 Spellcasting
 + Level 2.3 Conjurations
 + Level 2.4 Fire Magic


You had 4 spell levels left.
You knew the following spells:

 Your Spells              Type           Power        Failure   Level  Hunger
a - Flame Tongue          Conj/Fire      #....        12%         1    N/A

Dungeon Overview and Level Annotations

Branches:
Dungeon (1/15)

Altars:


Innate Abilities, Weirdness & Mutations

You do not eat or drink.
Your flesh is vulnerable to fire.
You are immune to poison.
Your flesh is cold resistant. (rC+)
You are immune to negative energy. (rN+++)
You are immune to unholy pain and torment.
You can survive without breathing.


Message History

Aim: a hobgoblin, wielding a club (lightly wounded)
The flame tongue hits the hobgoblin.
The hobgoblin is severely wounded.
Casting: Flame Tongue
Confirm with . or Enter, or press ? or * to list all spells.
Aiming: Flame Tongue
Press: ? - help, Shift-Dir - straight line, f/p - hobgoblin
Aim: a hobgoblin, wielding a club (severely wounded)
You miscast Flame Tongue.
You are very lightly contaminated with residual magic.
Nothing appears to happen.
The hobgoblin misses you.
Casting: Flame Tongue
Confirm with . or Enter, or press ? or * to list all spells.
Aiming: Flame Tongue
Press: ? - help, Shift-Dir - straight line, f/p - hobgoblin
Aim: a hobgoblin, wielding a club (severely wounded)
You miscast Flame Tongue.
You are momentarily dazzled by a flash of light!
The hobgoblin hits you with a club.
You die...

....#.###...#..#..##..#
............#..#..##..#
###..#.##.>.#..#......#
#............#..#...#
###.##.###..#..##.#...#
......................#
............#.........#
###.###.#..........#..##
#.# .#......g@.†....#
#.# #.#....###†...## #.#
.......#......# ..#
.......#...>..# .#
.......#......#
..............#
.##..........#
#............#
#.##.#.#..#.##


You could see a hobgoblin.

Vanquished Creatures
  A dart slug (D:1)
  A leopard gecko (D:1)
  2 giant cockroaches (D:1)
  A goblin (D:1)
  A hobgoblin (D:1)
  4 jackals (D:1)
  A kobold (D:1)
  A quokka (D:1)
  4 bats (D:1)
  2 frilled lizards (D:1)
  2 rats (D:1)
20 creatures vanquished.

Notes
Turn   | Place    | Note
-------+----------+-------------------------------------------
     0 | D:1      | exewu the Mummy Fire Elementalist began the quest for the Orb.
     0 | D:1      | Reached XP level 1. HP: 13/13 MP: 3/3
    71 | D:1      | Reached skill level 1 in Conjurations
   188 | D:1      | Reached XP level 2. HP: 19/19 MP: 0/5
   676 | D:1      | Slain by a hobgoblin

Skill      XL: |  1  2 |
---------------+-------+-----
Conjurations   | 1 2 |  2.3
Dodging        | |  1.5
Stealth        | |  1.5
Spellcasting   | |  2.0
Fire Magic     | |  2.4

Action                   || total
-------------------------++-------
Melee: Spear             ||    50
 Cast: Flame Tongue      ||    15
 Stab: Sleeping          ||     2
Armor: Robe              ||    15
Dodge: Dodged            ||    37
